 Dungeon Crawl Stone Soup version 0.23.2 (webtiles) character file.

Game seed: 15468600013886061392

255 GuyDeFluk the Skirmisher (level 6, 0/37 HPs)
             Began as a Gargoyle Fighter on Mar 30, 2019.
             Slain by an ogre
             ... wielding a +0 giant club
              (2 damage)
             ... on level 4 of the Dungeon on Mar 31, 2019.
             The game lasted 00:22:54 (3781 turns).

GuyDeFluk the Skirmisher (Gargoyle Fighter)         Turns: 3781, Time: 00:22:55

Health: 0/37       AC: 12    Str: 29    XL:     6   Next: 15%
Magic:  6/6        EV:  8    Int:  8    God:
Gold:   216        SH: 11    Dex:  9    Spells: 5/5 levels left

rFire    . . .     SeeInvis .   o - +0 flail (drain)
rCold    . . .     Gourm    .   c - +1 shield
rNeg     + . .     Faith    .   b - +0 scale mail
rPois    ∞         Spirit   .   (no helmet)
rElec    +         Reflect  .   (no cloak)
rCorr    .         Harm     .   (no gloves)
MR       .....                  (no boots)
Stlth    ..........             (no amulet)
HPRegen  0.12/turn              (no ring)
MPRegen  0.10/turn              (no ring)

@: mighty
A: rugged brown scales 1, frail 1, negative energy resistance 1, electricity
resistance, strong 1, unbreathing, petrification resistance, rot immunity, AC +4
a: no special abilities


You were on level 4 of the Dungeon.
You were hungry.

You visited 1 branch of the dungeon, and saw 4 of its levels.

You collected 216 gold pieces.

Inventory:

Hand Weapons
 o - a +0 flail of draining (weapon)
Armour
 b - a +0 scale mail (worn)
 c - a +1 shield (worn)
Jewellery
 l - an uncursed amulet of faith
Wands
 k - a wand of acid (15)
Scrolls
 h - 3 scrolls of remove curse
 i - 2 scrolls of identify
Potions
 a - 2 potions of ambrosia {unknown}
 d - 2 potions of might
 e - a potion of lignification {unknown}
 j - 2 potions of haste
 m - a potion of curing
 n - 2 potions of flight
Comestibles
 f - 7 rations


   Skills:
 * Level 5.2 Fighting
 + Level 3.3 Maces & Flails
 + Level 4.3 Armour
 + Level 4.3 Shields


You had 5 spell levels left.
You didn't know any spells.
Your spell library contained the following spells:

 Spells                   Type           Power        Failure   Level  Hunger
 Animate Skeleton         Necr           N/A          98%         1    ##.....
 Apportation              Tloc           #.....       98%         1    ##.....
 Confusing Touch          Hex            #.....       98%         1    ##.....
 Summon Small Mammal      Summ           #...         98%         1    ##.....


Dungeon Overview and Level Annotations

Branches:
Dungeon (4/15)
 Temple: D:4-7

Altars:
Cheibriados
The Shining One


Innate Abilities, Weirdness & Mutations

You are resistant to torment.
Your stone body is resilient. (AC +4)
You are immune to poison.
You resist negative energy. (rN+)
You are resistant to electric shocks. (rElec)
You can survive without breathing.
You are immune to petrification.
You are immune to rotting.
You are partially covered in rugged brown scales. (AC +1, +3% HP)
You are frail. (-10% HP)
Your muscles are strong. (Str +2)


Message History

You feel very mighty all of a sudden. The ogre hits you with a +0 giant club!
* * * LOW HITPOINT WARNING * * *
You barely miss the ogre.
The ogre is lightly wounded.
You are feeling hungry.
The ogre hits you with a +0 giant club!
* * * LOW HITPOINT WARNING * * *
Okay, then.
Okay, then.
You hit the ogre.
The ogre is moderately wounded.
The ogre barely misses you.
You sock the ogre!
The ogre is almost dead.
The ogre barely misses you.
You barely miss the ogre.
The ogre is almost dead.
The ogre hits you with a +0 giant club.
You die...

#..................#
.......#.#.........#
......####........## .......#
#......### .....### #...#...#
##### # ....## #..##...#
##...##.... ....#
#......†###.......... ....##
#.........#_#..#....... .....#
#........@O≈≈..##......
....####........≈≈≈≈≈## #.....
................≈≈.≈≈# .....
......#.........≈≈≈≈≈... .<.#
.....##..........≈≈≈..... ..# .
.....##.........#.......###.###..
...............###...##.##.......
#........#..##.# #...##..#.......
......####..... ####..........


You could see an ogre.

Vanquished Creatures
  A bullfrog zombie (D:4)
  A bullfrog skeleton (D:4)
  Ijyb (D:3)
  6 adders (D:2)
  2 oozes
  A worm (D:2)
  A dart slug (D:4)
  2 leopard geckos (D:2)
  3 orcs (D:4)
  7 bats
  3 giant cockroaches
  11 hobgoblins
  16 jackals
  2 kobolds
  4 quokkas
  3 ball pythons
  6 frilled lizards
  11 goblins
  A quokka skeleton (D:4)
  14 rats
96 creatures vanquished.

Notes
Turn   | Place    | Note
-------+----------+-------------------------------------------
     0 | D:1      | GuyDeFluk the Gargoyle Fighter began the quest for the Orb.
     0 | D:1      | Reached XP level 1. HP: 14/14 MP: 1/1
     0 | D:1      | Upgraded the game from 0.23.1-42-g8abd8fc to 0.23.2
    69 | D:1      | Reached XP level 2. HP: 19/19 MP: 2/2
   725 | D:1      | Reached XP level 3. HP: 24/24 MP: 3/3
  1081 | D:1      | Gained mutation: You are partially covered in rugged brown
                  | scales. (AC +1, +3% HP) [potion of mutation]
  1081 | D:1      | Gained mutation: You are frail. (-10% HP) [potion of
                  | mutation]
  1081 | D:1      | Gained mutation: Your muscles are strong. (Str +2) [potion
                  | of mutation]
  1135 | D:2      | Reached skill level 4 in Fighting
  1658 | D:2      | Reached XP level 4. HP: 26/26 MP: 4/4
  2152 | D:2      | Reached XP level 5. HP: 31/31 MP: 5/5
  2395 | D:2      | Found a glowing golden altar of the Shining One.
  2797 | D:3      | Noticed Ijyb
  2808 | D:3      | Killed Ijyb
  3349 | D:4      | Reached skill level 5 in Fighting
  3429 | D:4      | Reached XP level 6. HP: 32/37 MP: 6/6
  3763 | D:4      | Found a snail-covered altar of Cheibriados.
  3778 | D:4      | HP: 1/37 [ogre/+0 giant club (10)]
  3781 | D:4      | Slain by an ogre

Skill      XL: |  1  2  3  4  5 |
---------------+----------------+-----
Fighting       | 4 5 |  5.2
Armour         | 4 |  4.3
Shields        | 4 |  4.3
Maces & Flails | 3 |  3.3

Action                   |  1- 3 |  4- 6 || total
-------------------------+-------+-------++-------
Melee: Flail             |   154 |   222 ||   376
  Use: Potion            |     4 |     1 ||     5
       Scroll            |     2 |     2 ||     4
  Eat: Ration            |     1 |       ||     1
       Chunk             |       |     6 ||     6
Armor: Scale mail        |    54 |   107 ||   161
Dodge: Dodged            |    44 |    50 ||    94
Block: Shield            |    86 |   132 ||   218
